AoeStats
← Scotland111

Arena

508845808Analyzed
1v1 RM · 6d ago on Sep 24, 2026· 50m 16s· 2 players
Game mode
Random Map
Map size
Tiny (2 player)
Population
200
Speed
Normal
Resources
Standard
Victory
Conquest
Starting age
Dark Age
Ending age
Imperial Age
RankedLock teamsTeams togetherTeam positionsShared explorationLock speedFull tech treeHidden civsTurbo modeCheats
Victory
Defeat
🇩🇪 Poles · Germany
860
+15
🇬🇧 Bulgarians · United Kingdom
839
-15
Scotland111
11:37 Feudal Age
15:12 Castle Age
14:03 Double-Bit Axe
14:52 Horse Collar
15:53 Heavy Plow
16:47 Bow Saw
21:51 Stone Mining
21:41 Pikeman
23:04 Wheelbarrow
23:04 Gold Mining
29:08 Imperial Age
27:24 Forging
27:15 Scale Mail Armor
28:05 Gold Shaft Mining
27:26 Gambesons
27:46 Squires
28:25 Hand Cart
28:55 Bloodlines
28:46 Husbandry
31:02 Crop Rotation
30:41 Stirrups
30:14 Halberdier
30:40 Arson
31:40 Iron Casting
31:20 Chain Mail Armor
31:11 Scale Barding Armor
31:31 Conscription
30:43 Cavalier
32:15 Elite Konnik
35:19 Bagains
35:41 Onager
37:03 Stone Shaft Mining
44:34 Blast Furnace
44:04 Plate Mail Armor
43:55 Chain Barding Armor
44:17 Siege Onager
49:41 Plate Barding Armor
saschauli
9:56 Feudal Age
10:56 Double-Bit Axe
11:04 Stone Mining
12:20 Horse Collar
18:09 Castle Age
16:46 Forging
17:21 Scale Barding Armor
19:19 Bow Saw
19:12 Heavy Plow
19:51 Stone Shaft Mining
21:17 Husbandry
21:41 Gold Mining
24:24 Bloodlines
24:19 Light Cavalry
29:56 Imperial Age
29:20 Iron Casting
29:39 Loom
32:00 Crop Rotation
33:51 Blast Furnace
33:12 Chain Barding Armor
32:17 Winged Hussar
33:30 Lechitic Legacy
34:07 Conscription
34:29 Scale Mail Armor
34:20 Fletching
34:40 Squires
35:19 Wheelbarrow
35:17 Town Watch
36:40 Szlachta Privileges
36:43 Cavalier
37:55 Chain Mail Armor
37:36 Bodkin Arrow
40:38 Plate Mail Armor
40:58 Hand Cart
40:45 Town Patrol
40:17 Elite Obuch
41:50 Bracer
Connection lost

Rejoining the realm…

Still unreachable

The connection could not be restored.

Session expired

The server has moved on; the page needs a fresh start.